 Dungeon Crawl Stone Soup version 0.27.1-34-g3ba077fa99 (webtiles) character file.

Game seed: 11895353088690621374

7216 AverageBear the Cleaver (level 10, -1/84 HPs)
             Began as a Deep Dwarf Fighter on Jan 14, 2022.
             Was a Priest of Makhleb.
             Slain by a komodo dragon (9 damage)
             ... on level 1 of the Lair of Beasts.
             The game lasted 00:14:21 (7395 turns).

AverageBear the Cleaver (Deep Dwarf Fighter)        Turns: 7395, Time: 00:14:21

Health: -1/84      AC: 26    Str: 17    XL:     10   Next: 87%
Magic:  0/0        EV:  8    Int: 12    God:    Makhleb [***...]
Gold:   20         SH:  5    Dex: 12    Spells: 9/9 levels left

rFire    + . .     SeeInvis .   a - +0 war axe
rCold    . . .     Faith    .   g - +0 buckler
rNeg     . . .     Spirit   .   e - +0 plate armour
rPois    .         Reflect  .   i - +0 helmet
rElec    .         Harm     .   C - +4 cloak of Eye-covered Creativity {Rampage rF+ Regen+ Str-3}
rCorr    +         Rampage  +   m - +0 pair of gloves
Will     +....                  o - +2 pair of boots {Fly}
Stlth    ..........             (no amulet)
HPRegen  0.00/turn              w - ring of resist corrosion
MPRegen  0.07/turn              (no ring)

@: flying
A: damage resistance, heal wounds, sense surroundings 2, no regeneration
a: Heal Wounds, Renounce Religion, Minor Destruction, Lesser Servant of Makhleb


You were on level 1 of the Lair of Beasts.
You worshipped Makhleb.
Makhleb was most pleased with you.
You visited 3 branches of the dungeon, and saw 12 of its levels.
You also visited: Sewer.

You collected 525 gold pieces.
You spent 505 gold pieces at shops.

Inventory:

Hand Weapons
 a - a +0 war axe (weapon)
Armour
 b - a scarf of resistance
 c - a +0 kite shield
 e - a +0 plate armour (worn)
 g - a +0 buckler (worn)
 i - a +0 helmet (worn)
 m - a +0 pair of gloves (worn)
 o - a +2 pair of boots of flying (worn)
 C - the +4 cloak of Eye-covered Creativity (worn) {Rampage rF+ Regen+ Str-3}
   (You bought it in a shop on level 6 of the Dungeon)

   Str:       It affects your strength (-3).
   rF:        It protects you from fire.
   Regen:     It increases your rate of health regeneration.
   Rampage:   It bestows one free step when moving towards enemies.
Jewellery
 w - a ring of resist corrosion (left hand)
Wands
 h - a wand of flame (45)
 p - a wand of polymorph (5)
 r - a wand of paralysis (11)
 t - a wand of iceblast (7)
 u - a wand of charming (8)
 D - a wand of mindburst (17)
Scrolls
 f - a scroll of fear
 k - 2 scrolls of teleportation
 n - 2 scrolls of enchant weapon
 s - 2 scrolls of amnesia
 v - a scroll of immolation
 B - a scroll of identify
Potions
 d - a potion of might
 j - 3 potions of haste
 l - 3 potions of flight
 q - 3 potions of curing
 x - a potion of lignification
 z - a potion of brilliance
 A - a potion of degeneration
Miscellaneous
 y - a phantom mirror (inert)


   Skills:
 - Level 3.3 Fighting
 + Level 12.4 Axes
 - Level 10.8 Armour
 - Level 7.7 Dodging
 - Level 4.0 Shields


You had 9 spell levels left.
You didn't know any spells.
Your spell library contained the following spells:

 Spells                   Type           Power      Damage    Failure   Level
 Pain                     Necr           0%         1d4       100%        1
 Summon Small Mammal      Summ           0%         N/A       100%        1
 Blink                    Tloc           N/A        N/A       100%        2
 Slow                     Hex            0%         N/A       100%        2
 Call Canine Familiar     Summ           0%         N/A       100%        3
 Confusing Touch          Hex            0%         N/A       100%        3
 Portal Projectile        Hex/Tloc       0%         N/A       100%        3
 Summon Guardian Golem    Hex/Summ       0%         N/A       100%        3
 Leda's Liquefaction      Hex/Erth       0%         N/A       100%        4
 Summon Lightning Spire   Summ/Air       0%         N/A       100%        4
 Agony                    Necr           0%         N/A       100%        5
 Excruciating Wounds      Necr           0%         N/A       100%        5
 Manifold Assault         Tloc           0%         N/A       100%        5
 Yara's Violent Unravell  Hex/Tmut       0%         3d3       100%        5
 Storm Form               Tmut/Air       0%         N/A       100%        7
 Maxwell's Capacitive Co  Air            0%         ∞         100%        8


Dungeon Overview and Level Annotations

Branches:
Dungeon (10/15)            Temple (1/1) D:4            Lair (1/6) D:10
    Orc (0/2) D:9           Sewer (visited)

Altars:
Ashenzari
Cheibriados
Dithmenos
Elyvilon
Fedhas
Gozag
Hepliaklqana
Kikubaaqudgha
Makhleb
Nemelex Xobeh
Okawaru
Qazlal
Ru
Sif Muna
Trog
Uskayaw
Vehumet
Wu Jian
Xom
Yredelemnul
Zin
The Shining One

Shops:
D:3 ?:(**   D:6 *

Annotations:
D:8 Erica


Innate Abilities, Weirdness & Mutations

You are resistant to damage.
You can heal yourself by infusing magical energy.
You passively map the area around you.
You do not regenerate.


Message History

The komodo dragon is lightly wounded.
The komodo dragon misses you.
You slash the komodo dragon!
The komodo dragon is moderately wounded.
The komodo dragon bites you but does no damage.
You slash the komodo dragon!
The komodo dragon is heavily wounded.
The komodo dragon bites you but does no damage.
You completely miss the komodo dragon.
The komodo dragon is heavily wounded.
The komodo dragon bites you but does no damage.
You barely miss the komodo dragon.
The komodo dragon is heavily wounded.
You hit the komodo dragon but do no damage.
The komodo dragon is heavily wounded.
The komodo dragon closely misses you.
You hit the komodo dragon but do no damage.
The komodo dragon is heavily wounded.
The komodo dragon bites you but does no damage.
You hit the komodo dragon.
The komodo dragon is heavily wounded.
The komodo dragon completely misses you.
You hit the komodo dragon.
The komodo dragon is heavily wounded.
You block the komodo dragon's attack.
You completely miss the komodo dragon.
The komodo dragon is heavily wounded.
The komodo dragon bites you.
* * * LOW HITPOINT WARNING * * *
You barely miss the komodo dragon.
The komodo dragon is heavily wounded.
The komodo dragon bites you.
* * * LOW HITPOINT WARNING * * *
You hit the komodo dragon.
The komodo dragon is heavily wounded.
The komodo dragon bites you but does no damage.
You hit the komodo dragon.
The komodo dragon is severely wounded.
The komodo dragon bites you!
You die...

......................
.........
.....................
.....
..(..................,,.
,,.....
..................# .. *
,..## ..................#
,... ,, ..
......##.#.##.....#,....,,
* #.....##.#.###....#.....
* ,*
P.....##....##..........,
, ......##....##..@.#....
, * * #....<##....##...l+
... #...................
,, ,, * ,
......###.####....##.# *
#.....##.####...... .. ,
.................... .., ,
, #..##########.####### *#
#### ## *


You could see a komodo dragon.

Vanquished Creatures
  Erolcha (D:9)
  4 centaur zombies
  An unseen horror (D:10)
  2 trolls
  Grinder (D:5)
  A hornet (D:9)
  Prince Ribbit (D:5)
  A wyvern (D:10)
  2 steam dragons (D:8)
  2 wargs (D:10)
  An acid dragon (D:8)
  3 water moccasins
  An ice beast (D:7)
  3 orc warriors
  A necrophage (D:7)
  2 ogres
  3 centaurs
  A kobold brigand (D:6)
  3 gnoll sergeants
  7 bullfrogs
  4 scorpions
  A water moccasin skeleton (D:6)
  6 killer bees (D:8)
  5 wights (D:6)
  2 howler monkeys
  3 hounds
  3 bullfrog zombies
  2 jellies
  3 orc priests
  3 bullfrog skeletons
  A centaur skeleton (D:4)
  2 iguanas (D:4)
  3 orc wizards (D:10)
  2 hound skeletons (D:4)
  2 howler monkey zombies
  Robin (D:3)
  19 gnolls
  5 adders
  A white imp (D:5)
  An ufetubus (D:6)
  6 worms
  4 dart slugs
  14 orcs
  16 ball pythons
  6 endoplasms
  7 giant cockroaches
  23 goblins
  8 hobgoblins
  8 jackals
  5 quokkas
  5 bats
  11 frilled lizards
  16 kobolds
  4 rats
243 creatures vanquished.

Vanquished Creatures (collateral kills)
  A hydra (Lair:1)
1 creature vanquished.

Vanquished Creatures (others)
  An orc wizard (D:8)
  2 orcs (D:8)
  2 fungi (Lair:1)
  5 plants
10 creatures vanquished.

Grand Total: 254 creatures vanquished

Notes
Turn   | Place    | Note
-------+----------+-------------------------------------------
     0 | D:1      | AverageBear the Deep Dwarf Fighter began the quest for the
                  | Orb.
     0 | D:1      | Reached XP level 1. HP: 20/20 MP: 1/1
    39 | D:1      | Reached XP level 2. HP: 27/27 MP: 2/2
    55 | D:1      | Found a faded altar of an unknown god.
    97 | D:1      | Reached XP level 3. HP: 30/34 MP: 3/3
   464 | D:1      | Reached skill level 3 in Axes
   539 | D:2      | Reached XP level 4. HP: 32/42 MP: 4/4
  1310 | D:3      | Found Qipleg's Weapon Shop.
  1313 | D:3      | Found Dudiupto's Book Shoppe.
  1340 | D:3      | Noticed Robin
  1344 | D:3      | Reached skill level 4 in Axes
  1344 | D:3      | Reached XP level 5. HP: 36/49 MP: 4/4
  1358 | D:3      | Killed Robin
  1435 | D:3      | Found Axiadagg's Magic Scroll Boutique.
  1438 | D:3      | Bought a scroll of identify for 22 gold pieces
  1676 | D:3      | Found Fiolus's General Store.
  1727 | D:3      | Found Obigem's Assorted Antiques.
  1801 | D:4      | Reached skill level 5 in Axes
  1905 | D:4      | Reached XP level 6. HP: 26/56 MP: 4/4
  1920 | D:4      | Found a staircase to the Ecumenical Temple.
  1938 | D:4      | Reached skill level 6 in Axes
  1973 | D:4      | Reached skill level 7 in Axes
  1979 | Temple   | Entered the Ecumenical Temple
  2012 | Temple   | Became a worshipper of Makhleb the Destroyer
  2264 | D:5      | Entered Level 5 of the Dungeon
  2264 | D:5      | Noticed a troll
  2271 | D:5      | Killed a troll
  2272 | D:5      | Reached skill level 8 in Axes
  2272 | D:5      | Reached XP level 7. HP: 24/62 MP: 5/5
  2306 | D:5      | Noticed Grinder
  2318 | D:5      | Killed Grinder
  2319 | D:5      | Reached skill level 9 in Axes
  2365 | D:5      | Noticed Prince Ribbit
  2384 | D:5      | Killed Prince Ribbit
  2385 | D:5      | Reached skill level 10 in Axes
  2385 | D:5      | Reached XP level 8. HP: 42/69 MP: 5/5
  2768 | D:6      | Found a glowing drain.
  2791 | Sewer    | Entered a sewer
  2956 | Sewer    | Reached * piety under Makhleb
  2988 | D:6      | Gained mutation: You passively map the area around you.
                  | [Deep Dwarf growth]
  2988 | D:6      | Reached XP level 9. HP: 52/76 MP: 4/4
  3560 | D:6      | Found Dynig's General Store.
  3809 | D:7      | Reached skill level 10 in Armour
  3850 | D:7      | Reached ** piety under Makhleb
  4058 | D:7      | You are sucked into a shaft and drop 2 floors!
  4190 | D:8      | Reached skill level 1 in Dodging
  4313 | D:8      | Found a glowing golden altar of the Shining One.
  4582 | D:8      | Reached skill level 5 in Dodging
  4599 | D:8      | Reached XP level 10. HP: 42/84 MP: 5/5
  4626 | D:8      | Gained mutation: Your body sometimes deteriorates upon
                  | taking damage. [potion of mutation]
  4626 | D:8      | Gained mutation: Your mind is acute. (Int +2) [potion of
                  | mutation]
  4626 | D:8      | Gained mutation: You have a beak for a mouth. [potion of
                  | mutation]
  4627 | D:8      | Lost mutation: You have a beak for a mouth. [potion of
                  | mutation]
  4627 | D:8      | Lost mutation: Your mind is acute. (Int +2) [potion of
                  | mutation]
  4627 | D:8      | Lost mutation: Your body sometimes deteriorates upon taking
                  | damage. [potion of mutation]
  4627 | D:8      | Gained mutation: You are occasionally teleported next to
                  | monsters. [potion of mutation]
  4627 | D:8      | Lost mutation: You are occasionally teleported next to
                  | monsters. [potion of mutation]
  4699 | D:8      | Noticed Erica
  4733 | D:8      | HP: 3/84 [something (8)]
  5682 | D:9      | Noticed Erolcha
  5705 | D:9      | Killed Erolcha
  5793 | D:9      | Paralysed by a hornet for 3 turns
  5846 | D:9      | Found a staircase to the Orcish Mines.
  5981 | D:9      | Reached *** piety under Makhleb
  6350 | D:10     | Entered Level 10 of the Dungeon
  6506 | D:10     | Found a staircase to the Lair.
  6527 | D:10     | Reached skill level 11 in Axes
  6640 | Lair:1   | Entered Level 1 of the Lair of Beasts
  6640 | Lair:1   | Noticed a five-headed hydra
  6642 | Lair:1   | Noticed a cane toad
  6871 | Lair:1   | Killed a five-headed hydra
  6872 | Lair:1   | Reached skill level 12 in Axes
  7152 | D:6      | Bought the +4 cloak of Eye-covered Creativity {Rampage rF+
                  | Regen+ Str-3} for 483 gold pieces
  7395 | Lair:1   | Slain by a komodo dragon

Illustrated notes

Levels and vault maps discovered:
D:1:      amcnicky_arrival_double_pillar, layout_rooms,
          chequers_ecumenical_altar_simple_redux, lexackson_kobold_supper
D:2:      layout_loops_ring
D:3:      layout_rooms, serial_shops, shop_fountains, shop, shop_fountains,
          nicolae_shop_trees, nicolae_shop_crystal, moated_statue, st_stairs_3,
          uniq_robin
D:4:      layout_gridville, minmay_temple_entry_sparse_star,
          chequers_decorated_corner, minmay_cut_off
D:5:      layout_rooms, st_stairs_2, uniq_grinder, uniq_prince_ribbit1
D:6:      layout_loops_ring, cheibrodos_sewer_entry_sluice, serial_shops,
          kennysheep_mini_moat
D:7:      layout_rooms, kennysheep_diamond
D:8:      layout_basic, mainiacjoe_overflow_brackets, uniq_erica
D:9:      layout_gridville, orc_0_dummy, uniq_erolcha
D:10:     layout_stronghold, erik_lair_orcish_takeover
Temple:   nicolae_temple_the_god_donut
Lair:1:   layout_regular_city, uniq_sonja

Skill      XL: |  1  2  3  4  5  6  7  8  9 10 |
---------------+-------------------------------+-----
Fighting       | 3 |  3.3
Axes           | 3 4 5 8 10 12 | 12.4
Shields        | 4 |  4.0
Armour         | 4 8 10 | 10.8
Dodging        | 5 7 |  7.7

Action                   |  1- 3 |  4- 6 |  7- 9 | 10-12 || total
-------------------------+-------+-------+-------+-------++-------
Melee: War axe           |    97 |   235 |   466 |   276 ||  1074
Invok: Lesser Servant of |       |       |       |     4 ||     4
 Abil: Heal Wounds       |       |     5 |    11 |    14 ||    30
Evoke: Wand              |       |       |       |     2 ||     2
       Phantom mirror    |       |       |       |     1 ||     1
  Use: Scroll            |     3 |     3 |     4 |     4 ||    14
       Potion            |       |     2 |       |    12 ||    14
Armor: Scale mail        |    32 |       |       |       ||    32
       Plate armour      |    50 |   165 |   406 |   234 ||   855
       Skin              |       |       |       |    17 ||    17
Dodge: Dodged            |    25 |    65 |   177 |    95 ||   362
Block: Kite shield       |    64 |    27 |       |       ||    91
       Buckler           |       |    46 |   134 |    72 ||   252
